 Dungeon Crawl Stone Soup version 0.17.2-1-ge4368a0 (webtiles) character file.

79 Goblin1989 the Ducker (level 4, -3/23 HPs)
             Began as a Spriggan Gladiator on Aug 19, 2016.
             Slain by a worker ant (8 damage)
             ... on level 4 of the Dungeon.
             The game lasted 00:10:51 (1086 turns).

Goblin1989 the Ducker (Spriggan Gladiator)          Turns: 1086, Time: 00:10:52

Health: -3/23      AC:  2    Str:  8 (11) XL:     4   Next: 16%
Magic:  5/5        EV: 20    Int:  9      God:
Gold:   99         SH:  0    Dex: 17      Spells: 0 memorised, 3 levels left

rFire  . . .     SeeInvis +     a - +0 rapier
rCold  . . .     Clarity  .     b - +0 robe
rNeg   . . .     SustAt   .     (shield restricted)
rPois  .         Gourm    .     c - +0 hat
rElec  .         Spirit   .     (no cloak)
rCorr  .         Warding  .     (gloves unavailable)
rMut   .         Stasis   .     (boots unavailable)
MR     .....                    (no amulet)
Stlth  +++.......               (no ring)
                                (no ring)

@: very quick, not resistant to hostile enchantments, fairly stealthy
A: unfitting armour, see invisible, herbivore 3, speed 3, slow metabolism 2
a: no special abilities


You were on level 4 of the Dungeon.
You were not hungry.

You visited 1 branch of the dungeon, and saw 4 of its levels.

You collected 99 gold pieces.

Inventory:

Hand Weapons
 a - a +0 rapier (weapon)
Missiles
 d - 2 throwing nets
 h - 93 stones (quivered)
 i - 17 sling bullets
Armour
 b - a +0 robe (worn)
 c - a +0 hat (worn)
Scrolls
 g - a scroll of amnesia {unknown}
 j - 2 scrolls of enchant armour {unknown}
 k - 3 scrolls of remove curse {unknown}
 m - a scroll of immolation {unknown}
 o - a scroll of fear {unknown}
Potions
 l - a potion of degeneration
Comestibles
 e - 2 bread rations
 f - 2 fruits


   Skills:
 + Level 1.9 Fighting
 * Level 4.1 Short Blades
 - Level 2.0 Throwing
 + Level 5.0 Dodging
 * Level 3.5 Stealth


You had 3 spell levels left.
You didn't know any spells.

Dungeon Overview and Level Annotations

Branches:
Dungeon (4/15)
 Temple: D:4-7

Altars:
Elyvilon
Nemelex Xobeh
Xom
Zin

Annotations:
D:3 Goblin1989's ghost, weakling SpGl; Grinder


Innate Abilities, Weirdness & Mutations

You are tiny and cannot use many weapons and most armour.
You have supernaturally acute eyesight.
You are a herbivore.
You cover ground extremely quickly.
You need consume almost no food.


Message History

There is a stone staircase leading down here.
You climb downwards.
A worker ant comes into view.
Found a stone staircase leading up.
There is a stone staircase leading up here.
The worker ant twitches its antennae in your direction.
There is a stone staircase leading up here.
You hit the worker ant but do no damage.
The worker ant misses you.
You hit the worker ant.
The worker ant is moderately wounded.
The worker ant barely misses you.
You hit the worker ant.
The worker ant is heavily wounded.
The worker ant bites you.
* * * LOW HITPOINT WARNING * * *
You barely miss the worker ant.
The worker ant is heavily wounded.
The worker ant completely misses you. The worker ant bites you!
You die...

###########
..........#
..........#
..........#
..........#
......a@.<#
........###
........#
........#
........#
..##.#### #
#. #.


You could see a worker ant.

Vanquished Creatures
  A gnoll (D:1)
  2 adders (D:2)
  An ooze (D:3)
  4 orcs (D:3)
  4 bats
  2 giant cockroaches
  5 goblins
  3 hobgoblins
  4 jackals
  3 quokkas
  2 giant newts (D:1)
  3 kobolds
  8 rats
42 creatures vanquished.

Notes
Turn   | Place    | Note
--------------------------------------------------------------
     0 | D:1      | Goblin1989 the Spriggan Gladiator began the quest for the Orb.
     0 | D:1      | Reached XP level 1. HP: 10/10 MP: 2/2
   108 | D:1      | Reached skill level 1 in Stealth
   200 | D:1      | Reached XP level 2. HP: 9/15 MP: 3/3
   313 | D:2      | Found a white marble altar of Elyvilon.
   367 | D:2      | Reached XP level 3. HP: 13/18 MP: 4/4
   555 | D:2      | Found a shimmering altar of Xom.
   560 | D:2      | Found a sparkling altar of Nemelex Xobeh.
   562 | D:2      | Found a glowing silver altar of Zin.
   747 | D:3      | Noticed Grinder
   875 | D:3      | Reached skill level 5 in Dodging
   916 | D:3      | Reached XP level 4. HP: 6/23 MP: 5/5
  1053 | D:3      | Noticed Goblin1989's ghost (weakling SpGl)
  1086 | D:4      | Slain by a worker ant

Action                   |  1- 3 |  4- 6 || total
-------------------------+-------+-------++-------
Melee: Rapier            |   140 |    20 ||   160
Throw: Throwing net      |     5 |       ||     5
       Stone             |     1 |     8 ||     9
  Use: Potion            |     4 |       ||     4
 Stab: Sleeping          |     6 |     2 ||     8
